 Dungeon Crawl Stone Soup version 0.20.1-1-g8b1a95d (webtiles) character file.

929 markt42 the Cudgeler (level 8, -1/48 HPs)
             Began as a Gargoyle Fighter on Oct 7, 2017.
             Was a Believer of Okawaru.
             Slain by an orc warrior
             ... wielding a +0 trident
              (7 damage)
             ... on level 6 of the Dungeon.
             The game lasted 00:05:45 (4136 turns).

markt42 the Cudgeler (Gargoyle Fighter)             Turns: 4136, Time: 00:05:46

Health: -1/48      AC: 15    Str: 19    XL:     8   Next: 11%
Magic:  8/8        EV:  8    Int: 14    God:    Okawaru [**....]
Gold:   292        SH:  9    Dex: 11    Spells: 7/7 levels left

rFire    + . .     SeeInvis .   a - +1 flail
rCold    . . .     Gourm    .   c - +0 shield
rNeg     + . .     Faith    .   b - +0 scale mail
rPois    ∞         Spirit   .   m - +0 helmet
rElec    +         Reflect  .   (no cloak)
rCorr    .         Harm     .   w - +0 pair of gloves
MR       .....                  (no boots)
Stlth    ..........             (no amulet)
Regen    0.2/turn               i - ring of protection from fire
MPRegen  0.2/turn               s - +4 ring of intelligence

@: no status effects
A: negative energy resistance 1, electricity resistance, unbreathing,
petrification resistance, rot immunity, AC +5
a: Heroism, Renounce Religion


You were on level 6 of the Dungeon.
You worshipped Okawaru.
Okawaru was pleased with you.
You were very hungry.

You visited 2 branches of the dungeon, and saw 7 of its levels.

You collected 292 gold pieces.

Inventory:

Hand Weapons
 a - a +1 flail (weapon)
Armour
 b - a +0 scale mail (worn)
 c - a +0 shield (worn)
 m - a +0 helmet (worn)
 w - a +0 pair of gloves (worn)
Jewellery
 i - a ring of protection from fire (left hand)
 s - a +4 ring of intelligence (right hand)
Wands
 p - a wand of lightning (6/15)
 v - a wand of iceblast (9/15)
Scrolls
 e - a scroll of identify
 h - 4 scrolls of remove curse
 j - a scroll of noise {unknown}
 l - a scroll of enchant weapon
 o - a scroll of teleportation
 u - a scroll of blinking {unknown}
Potions
 d - 2 potions of might
 r - 5 potions of lignification
Comestibles
 f - 4 bread rations
 g - 2 royal jellies
 q - 2 meat rations


   Skills:
 + Level 4.0 Fighting
 * Level 7.0 Maces & Flails
 * Level 5.4 Armour
 + Level 1.3 Dodging
 + Level 5.0 Shields


You had 7 spell levels left.
You didn't know any spells.

Dungeon Overview and Level Annotations

Branches:
Dungeon (6/15)             Temple (1/1) D:4

Altars:
Ashenzari
Cheibriados
Dithmenos
Elyvilon
Fedhas
Gozag
Hepliaklqana
Kikubaaqudgha
Makhleb
Okawaru
Qazlal
Ru
Sif Muna
Trog
Xom
Yredelemnul
Zin
The Shining One


Innate Abilities, Weirdness & Mutations

You are resistant to torment.
Your stone body is resilient. (AC +5)
You are immune to poison.
You resist negative energy. (rN+)
You are resistant to electric shocks. (rElec)
You can survive without breathing.
You are immune to petrification.
You are immune to rotting.


Message History

You feel a little less mighty now. You block the orc warrior's attack.
You cannot move.
You cannot move.
The orc warrior hits you from afar with a trident.
The orc warrior hits you but does no damage.
The orc warrior hits you from afar with a trident!
* * * LOW HITPOINT WARNING * * *
The orc warrior hits you from afar with a trident.
* * * LOW HITPOINT WARNING * * *
You block the orc warrior's attack.
You feel less wooden.
Your +0 helmet unmelds from your body.
Your +0 pair of gloves unmelds from your body.
Your +0 scale mail unmelds from your body.
The orc warrior hits you from afar with a trident.
* * * LOW HITPOINT WARNING * * *
There is an open door here.
The orc warrior hits you from afar with a trident!
You die...

#......# #......# #######
##......###+###### #.....#
.................# #.....#
#...............# #.....######
#............###[.......... ##
#......>.....'.')..........
...##...........o###.....!.....
#............@..# #...........
####............# #####.......
#............##### #.#####+
#................# #.#
##.........<......+ ...
#.................####.
#.................# ..
#.........[.......# ..
................##+## ...


You could see an orc warrior.

Vanquished Creatures
  Grinder (D:6)
  The ghost of Exporg the Chopper, an amateur MiFi (D:4)
  An ice beast (D:5)
  A centaur zombie (D:5)
  A quasit (D:6)
  An orc priest (D:6)
  A bullfrog skeleton (D:4)
  A hound (D:3)
  An orc wizard (D:5)
  An iguana (D:4)
  Terence (D:3)
  4 worker ants (D:4)
  A hound skeleton (D:4)
  4 adders
  An adder zombie (D:5)
  4 worms
  2 leopard geckos
  20 orcs
  8 bats
  5 giant cockroaches
  6 goblins
  5 hobgoblins
  12 jackals
  8 kobolds
  3 ball pythons
  5 frilled lizards
  A quokka skeleton (D:4)
  7 rats
107 creatures vanquished.

Notes
Turn   | Place    | Note
-------+----------+-------------------------------------------
     0 | D:1      | markt42 the Gargoyle Fighter began the quest for the Orb.
     0 | D:1      | Reached XP level 1. HP: 14/14 MP: 1/1
   283 | D:1      | Reached XP level 2. HP: 18/19 MP: 2/2
   341 | D:1      | Found a shimmering altar of Xom.
   343 | D:1      | Found a burning altar of Makhleb.
   343 | D:1      | Found an ancient bone altar of Kikubaaqudgha.
   345 | D:1      | Found a basalt altar of Yredelemnul.
   345 | D:1      | Found a shimmering altar of Xom.
   345 | D:1      | Found a basalt altar of Yredelemnul.
   762 | D:2      | Reached XP level 3. HP: 23/23 MP: 3/3
   831 | D:2      | Found a glowing golden altar of the Shining One.
   928 | D:2      | Reached skill level 3 in Maces & Flails
  1255 | D:2      | Found a faded altar of an unknown god.
  1323 | D:2      | Reached XP level 4. HP: 27/28 MP: 4/4
  1617 | D:3      | Noticed Terence
  1630 | D:3      | Killed Terence
  1715 | D:3      | Noticed a black bear
  1883 | D:3      | Found a shattered altar of Ashenzari.
  1896 | D:3      | Reached XP level 5. HP: 27/32 MP: 5/5
  2072 | D:3      | Reached skill level 4 in Maces & Flails
  2334 | D:4      | Found a staircase to the Ecumenical Temple.
  2342 | Temple   | Entered the Ecumenical Temple
  2429 | Temple   | Became a worshipper of Warmaster Okawaru
  2599 | D:4      | Reached XP level 6. HP: 37/37 MP: 6/6
  3004 | D:4      | Reached skill level 1 in Dodging
  3108 | D:4      | Reached skill level 5 in Maces & Flails
  3181 | D:4      | Noticed Exporg's ghost (amateur MiFi)
  3189 | D:4      | Killed Exporg's ghost
  3189 | D:4      | Reached * piety under Okawaru
  3189 | D:4      | Reached skill level 5 in Armour
  3189 | D:4      | Reached XP level 7. HP: 41/41 MP: 7/7
  3312 | D:5      | Entered Level 5 of the Dungeon
  3487 | D:5      | Reached skill level 6 in Maces & Flails
  4066 | D:6      | Noticed Grinder
  4072 | D:6      | Paralysed by Grinder for 4 turns
  4082 | D:6      | Killed Grinder
  4082 | D:6      | Reached ** piety under Okawaru
  4082 | D:6      | Reached XP level 8. HP: 22/48 MP: 8/8
  4087 | D:6      | HP: 2/48 [orc priest/divine providence (14)]
  4096 | D:6      | Reached skill level 7 in Maces & Flails
  4096 | D:6      | Reached skill level 5 in Shields
  4136 | D:6      | Slain by an orc warrior

Skill      XL: |  1  2  3  4  5  6  7  8 |
---------------+-------------------------+-----
Maces & Flails | 3 4 5 6 7 |  7.0
Armour         | 4 5 |  5.4
Shields        | 4 5 |  5.0
Dodging        | 1 |  1.3
Fighting       | 4 |  4.0

Action                   |  1- 3 |  4- 6 |  7- 9 || total
-------------------------+-------+-------+-------++-------
Melee: Flail             |   154 |   209 |    92 ||   455
  Use: Scroll            |       |     8 |     2 ||    10
       Potion            |       |     1 |     6 ||     7
  Eat: Chunk             |     1 |     7 |     2 ||    10
Armor: Scale mail        |    83 |   128 |    67 ||   278
       Skin              |       |       |    20 ||    20
Dodge: Dodged            |    52 |    80 |    35 ||   167
Block: Shield            |    76 |   128 |    75 ||   279
